 Dungeon Crawl Stone Soup version 0.31-a0-426-g3a05650e59 (webtiles) character file.

Game seed: 16542152351619448847

0 drugrobin the Sneak (level 1, -6/18 HPs)
             Began as a Demigod Delver on July 31, 2023.
             Killed by divine providence
             ... invoked by an orc priest
              (16 damage)
             ... on level 5 of the Dungeon.
             The game lasted 00:02:04 (242 turns).

drugrobin the Sneak (Demigod Delver)                 Turns: 242, Time: 00:02:04

Health: -6/18      AC:  3    Str: 13    XL:     1   Next: 0%
Magic:  12/12      EV: 11    Int: 12    God:
Gold:   0          SH:  0    Dex: 15    Spells: 0/0 levels left

rFire   . . .        a - +0 hand axe
rCold   . . .        (no shield)
rNeg    . . .        b - +0 leather armour
rPois   .            (no helmet)
rElec   .            (no cloak)
rCorr   .            (no gloves)
SInv    .            (no boots)
Will    .....        (no amulet)
Stlth   +++          h - ring of magical power
HPRegen 0.23/turn    (no ring)
MPRegen 0.13/turn

%: no passive effects
@: no status effects
A: high MP 1, forlorn, divine attributes
a: no special abilities


You were on level 5 of the Dungeon.
You visited 1 branch of the dungeon, and saw 1 of its levels.

Inventory:

Hand Weapons
 a - a +0 hand axe (weapon)
Armour
 b - a +0 leather armour (worn)
Jewellery
 h - a ring of magical power (left hand)
Scrolls
 c - a scroll of fog
Potions
 f - a potion of haste


   Skills:
 - Level 2.6 Fighting
 + Level 1.7 Axes
 - Level 1.7 Dodging
 - Level 4.5 Stealth


You couldn't memorise any spells.
You didn't know any spells.
Your spell library was empty.

Dungeon Overview and Level Annotations

Branches:
Dungeon (5/15)             Temple (0/1) D:5

Annotations:
D:5 exclusions: adder, 2 hounds and phantom


Innate Abilities, Weirdness & Mutations

You have an increased reservoir of magic. (+10% MP)
You shall have no god before yourself.
Your divine heritage dramatically boosts your attributes as you level up.


Message History

The orc wizard flickers and vanishes!
Deactivating autopickup; reactivate with Ctrl-A.
Unknown command.
Unknown command.
Unknown command.
Unknown command.
The orc attacks as you move away! The orc misses you.
The orc shouts!
The orc misses you.
Unknown command.
Unknown command.
Unknown command.
The orc hits you with a +0 dagger.
Unknown command.
Unknown command.
Unknown command.
The orc attacks as you move away! The orc hits you with a +0 club.
Unknown command.
Unknown command.
Unknown command.
The orc attacks as you move away! The orc hits you with a +0 dagger.
The orc throws a boomerang.
The boomerang hits you but does no damage.
Unknown command.
Unknown command.
Unknown command.
Unknown command.
Unknown command.
Unknown command.
Unknown command.
As you read the scroll of fear, it crumbles to dust.
You assume a fearsome visage.
The orc priest resists with some effort.
The orc looks frightened! x2
The orc priest miscasts a cantrip.
Found a stone staircase leading up.
The orc priest calls down the wrath of Beogh upon you.
Beogh smites you!
Ouch! That really hurt!
You die...

*,,,,,,,,.+....##########***,*,
*,,,,,,,,.#....##########***,*,
*,,,,,,,,.#....#########,,,,,*,
****,,,,*#+##..o.# *,***,*+
,,,******........# ****,*∩*,*,
,,,,,,,,,........# *,,*,,,*,*,
***,,,,,,........# *,,*****,*,
,,*,,,,,,........# *,,,,,,,,,,
,,*,,,,,,....###@# *,,,,,,,,,,
,,*,*****#####...#*********,,,,**
,,+,*,,,,,,.....#.,,,,,* *,,,,*,
,,*,*,,,,......<*..,,,,* *,,,,*,
,,*,+,,,,.......*...,,,* *,,,,*,
,,*,*****#######*....<,* *,,,,**
***** *#####** ******


You could see an orc priest.

Vanquished Creatures (others)
  A human (D:5)
1 creature vanquished.

Notes
Turn   | Place    | Note
-------+----------+-------------------------------------------
     0 | D:5      | drugrobin the Demigod Delver began the quest for the Orb.
     0 | D:5      | Reached XP level 1. HP: 18/18 MP: 3/3
    50 | D:5      | Noticed a hound
    57 | D:5      | Noticed a hound
    90 | D:5      | Noticed a phantom
   102 | D:5      | Noticed a human
   107 | D:5      | Killed a human
   196 | D:5      | Noticed an orc wizard
   221 | D:5      | Noticed an orc priest
   242 | D:5      | Killed from afar by an orc priest

Illustrated notes

Levels and vault maps discovered:
D:5:      layout_gridville, tgw_kikubaaqudgha, nicolae_dithmenos_the_darkroom,
          temple_green, serial_shops, nicolae_shop_back_alley_shop

Action                     || total
---------------------------++-------
  Evoke: Wand              ||     3
    Use: Scroll            ||     2
 Armour: Leather armour    ||     3
  Dodge: Dodged            ||     2

Table legend: (Time is in decaauts)
 A = Elapsed time spent in this place.
 B = Non-inter-level travel time spent in this place.
 C = Inter-level travel time spent in this place.
 D = Time resting spent in this place.
 E = Time spent auto-exploring this place.
 F = Levels seen in this place.
 G = Mean time per level.
                   A        B        C        D        E       F      G
               +--------+--------+--------+--------+--------+-----+--------+
         Total |    241 |    241 |      0 |      0 |     19 |   1 |  241.0 |
       Dungeon |    241 |    241 |      0 |      0 |     19 |   1 |  241.0 |
               +--------+--------+--------+--------+--------+-----+--------+

Top non-repeatable levels by time:
     D:5: 241 daAuts
